 Dungeon Crawl Stone Soup version 0.31-a0-889-g1a8549509d (webtiles) character file.

Game seed: 2271352454610776373

1953 Maratek the Skirmisher (level 9, -2/87 (91) HPs)
             Began as an Octopode Hunter on Oct 16, 2023.
             Was an Initiate of Dithmenos.
             Slain by a wight
             ... wielding a +0 mace
              (7 damage)
             ... on level 9 of the Dungeon.
             The game lasted 00:15:18 (4197 turns).

Maratek the Skirmisher (Octopode Hunter)            Turns: 4197, Time: 00:15:19

HP:   -2/87 (91)    AC: 24    Str: 16    XL:     9   Next: 19%
MP:   9/9           EV:  2    Int: 19    God:    Dithmenos [......]
Gold: 428           SH:  0    Dex: 23    Spells: 8/8 levels left

rFire   + . .        i - +7 sling of the Brain {freeze, rF+ Int+3}
rCold   x . .        (no shield)
rNeg    . . .        (helmet currently unavailable)
rPois   +            (no amulet)
rElec   .            o - ring of willpower
rCorr   .            v - ring of Ugaukly {Fly rC- Will++ Dex+3 Slay+4}
SInv    .            c - ring "Adeul" {Str+6 Int+5 Stlth+}
Will    +++..        (no ring)
Stlth   ++++         (no ring)
HPRegen 0.34/turn    (no ring)
MPRegen 0.11/turn    (no ring)
                     (no ring)

%: no passive effects
@: tree-form, lightly drained
A: stationary, stasis, torment immunity, boosted hp, almost no armour,
(amphibious), 8 rings, (camouflage 1), (gelatinous body 1), (nimble swimmer 1),
(tentacles)
a: Renounce Religion


You were on level 9 of the Dungeon.
You worshipped Dithmenos.
Dithmenos was noncommittal.
You were a tree.
You visited 2 branches of the dungeon, and saw 11 of its levels.

You collected 428 gold pieces.

Inventory:

Hand Weapons
 i - the +7 sling of the Brain (weapon) {freeze, rF+ Int+3}
   (You found it on level 2 of the Dungeon)

   Int+3:     It affects your intelligence (+3).
   rF+:       It protects you from fire.
 k - the +6 sling "Ycowiurph" {speed, rC- Will++ rCorr MP+9}
   (You found it on level 3 of the Dungeon)

   rC-:       It makes you vulnerable to cold.
   Will++:    It greatly increases your willpower.
   MP+9:      It affects your magic capacity (+9).
   rCorr:     It protects you from acid and corrosion.
Jewellery
 c - the ring "Adeul" (on tentacle) {Str+6 Int+5 Stlth+}
   (You acquired it on level 9 of the Dungeon)

   [ring of strength]

   Str+6:     It affects your strength (+6).
   Int+5:     It affects your intelligence (+5).
   Stlth+:    It makes you more stealthy.
 o - a ring of willpower (left branch)
 v - the ring of Ugaukly (right branch) {Fly rC- Will++ Dex+3 Slay+4}
   (You acquired it on level 6 of the Dungeon)

   [ring of slaying]

   Dex+3:     It affects your dexterity (+3).
   Slay+4:    It affects your accuracy & damage with ranged weapons and melee
   (+4).
   rC-:       It makes you vulnerable to cold.
   Will++:    It greatly increases your willpower.
   Fly:       It grants you flight.
Scrolls
 b - 3 scrolls of butterflies
 d - a scroll of enchant weapon
 e - a scroll of fog
 h - 2 scrolls of enchant armour
 m - 2 scrolls of teleportation
 s - a scroll of identify
 t - a scroll of vulnerability
 w - a scroll of revelation
Potions
 a - 4 potions of cancellation
 j - a potion of curing {unknown}
 n - a potion of degeneration {unknown}
 p - a potion of haste {unknown}
 q - a potion of enlightenment {unknown}
 r - a potion of mutation {unknown}
 u - 2 potions of might {unknown}


   Skills:
 + Level 5.3 Fighting
 + Level 10.7 Ranged Weapons
 + Level 3.4 Dodging
 + Level 3.5 Stealth


You had 8 spell levels left.
You didn't know any spells.
Your spell library contained the following spells:

 Spells                   Type           Power      Damage    Failure   Level
 Freeze                   Ice            0%         1d3       21%         1
 Necrotise                Necr           0%         1d4       21%         1
 Summon Small Mammal      Summ           0%         N/A       21%         1
 Ensorcelled Hibernation  Hex/Ice        0%         N/A       30%         2
 Jinxbite                 Hex            0%         N/A       30%         2
 Frozen Ramparts          Ice            0%         1d1       52%         3
 Hailstorm                Conj/Ice       0%         3d3       52%         3
 Vampiric Draining        Necr           0%         2d6       52%         3
 Anguish                  Hex/Necr       0%         N/A       90%         4
 Vhi's Electric Charge    Tloc/Air       0%         N/A       90%         4
 Agony                    Necr           0%         N/A       99%         5
 Arcjolt                  Conj/Air       0%         1d10      99%         5
 Maxwell's Capacitive Co  Air            0%         ∞         100%        8


Dungeon Overview and Level Annotations

Branches:
Dungeon (11/15)            Temple (1/1) D:6
   Lair: D:8-11         Orc: D:9-12

Altars:
Ashenzari
Cheibriados
Dithmenos
Fedhas
Hepliaklqana
Kikubaaqudgha
Makhleb
Nemelex Xobeh
Ru
Sif Muna
Trog
Uskayaw
Vehumet
Wu Jian
Xom
Yredelemnul
Zin
The Shining One

Shops:
D:5 [[

Annotations:
D:4 2 transporters


Innate Abilities, Weirdness & Mutations

You are a tree.
Your roots penetrate the ground, keeping you stationary.
You cannot be teleported.
You are immune to unholy pain and torment.
Your maximum health is greatly increased.
You cannot wear most types of armour.
((You are amphibious.))
You can wear up to eight rings at the same time.
((Your skin changes colour to match your surroundings (Stealth+).))
((Your rubbery body absorbs attacks. (AC +1, EV +1)))
((You are camouflaged when in or above water. (Stealth+)))
((You have tentacles for arms and can constrict up to eight enemies at once.))


Message History

You start resting.
A wight comes into view. It is wielding a +0 mace.
A wight is nearby!
Fire: i) +7 sling of the Brain {freeze, rF+ Int+3}
Press: ? - help, Q - select action Shift-Dir - straight line, f - wight
Aim: a wight, wielding a +0 mace and wearing a +0 robe (75% to hit)
You shoot a sling bullet.
The sling bullet closely misses the wight.
Fire: i) +7 sling of the Brain {freeze, rF+ Int+3}
Press: ? - help, Q - select action Shift-Dir - straight line, f/p - wight
Aim: a wight, wielding a +0 mace and wearing a +0 robe (75% to hit)
You shoot a sling bullet. The sling bullet hits the wight.
The wight is lightly damaged.
The wight hits you with a +0 mace!
* * * LOW HITPOINT WARNING * * *
Fire: i) +7 sling of the Brain {freeze, rF+ Int+3}
Press: ? - help, Q - select action Shift-Dir - straight line, f/p - wight
Aim: a wight, wielding a +0 mace and wearing a +0 robe (lightly damaged, 75% to hit)
You shoot a sling bullet.
The sling bullet hits the wight but does no damage.
The wight is lightly damaged.
The wight hits you with a +0 mace!
* * * LOW HITPOINT WARNING * * *
You feel drained.
* * * LOW HITPOINT WARNING * * *
Fire: i) +7 sling of the Brain {freeze, rF+ Int+3}
Press: ? - help, Q - select action Shift-Dir - straight line, f/p - wight
Aim: a wight, wielding a +0 mace and wearing a +0 robe (lightly damaged, 75% to hit)
You shoot a sling bullet.
The sling bullet hits the wight but does no damage.
The wight is lightly damaged.
The wight hits you with a +0 mace.
* * * LOW HITPOINT WARNING * * *
You feel drained.
You turn into a tree.
Your roots penetrate the ground.
The wight hits you but does no damage.
You shoot a sling bullet.
The sling bullet closely misses the wight.
The wight hits you with a +0 mace!
You die...

.........#
#.#
......####
#.#
.#...##
#.###
.##.##
#...#
.##.#
###.#
.##.# #.#
.##+# #.#
## #.#
####♣#
#..z.#
#..)###
+......)
####...##
##.## #.
#. #.


You could see a wight.

Vanquished Creatures
  Sonja (D:10)
  A shadow (D:9)
  A water moccasin (D:5)
  An ice beast (D:6)
  An ogre (D:6)
  A centaur (D:9)
  3 bullfrogs
  A scorpion (D:5)
  2 wights (D:9)
  A howler monkey (D:5)
  3 hounds
  A jelly (D:6)
  Jessica (D:3)
  A gnoll bouda (D:5)
  An iguana (D:4)
  A scorpion zombie (D:4)
  2 orc wizards
  A hound zombie (D:4)
  3 gnolls (D:5)
  5 adders
  2 white imps
  An adder zombie (D:4)
  A worm (D:2)
  2 dart slugs
  18 orcs
  6 endoplasms
  5 giant cockroaches
  11 goblins
  4 hobgoblins
  2 jackals (D:3)
  3 ball pythons (D:1)
  5 bats
  7 frilled lizards
  5 kobolds
  A quokka zombie (D:4)
  16 rats
121 creatures vanquished.

Notes
Turn   | Place    | Note
-------+----------+-------------------------------------------
     0 | D:1      | Maratek the Octopode Hunter began the quest for the Orb.
     0 | D:1      | Reached XP level 1. HP: 14/14 MP: 1/1
   114 | D:1      | Reached XP level 2. HP: 15/19 MP: 2/2
   298 | D:1      | Reached XP level 3. HP: 24/24 MP: 3/3
   382 | D:1      | Reached skill level 5 in Ranged Weapons
   650 | D:2      | Identified the of Pesmueq
   784 | D:2      | Found a faded altar of an unknown god.
   802 | D:2      | Reached XP level 4. HP: 29/30 MP: 4/4
   845 | D:2      | Identified the +7 sling of the Brain {freeze, rF+ Int+3}
  1185 | D:3      | Found a burning altar of Makhleb.
  1263 | D:3      | Noticed Jessica
  1266 | D:3      | Killed Jessica
  1267 | D:3      | Reached XP level 5. HP: 35/35 MP: 5/5
  1443 | D:3      | Reached skill level 6 in Ranged Weapons
  1550 | D:3      | Identified the +6 sling "Ycowiurph" {speed, rC- Will++
                  | rCorr MP+9}
  1954 | D:4      | Found a transporter.
  1964 | D:4      | Found a transporter.
  2000 | D:4      | Reached XP level 6. HP: 42/42 MP: 6/6
  2392 | D:5      | Entered Level 5 of the Dungeon
  2394 | D:5      | Noticed a water moccasin
  2400 | D:5      | Reached skill level 7 in Ranged Weapons
  2406 | D:5      | Killed a water moccasin
  2407 | D:5      | Reached XP level 7. HP: 42/46 MP: 7/7
  2446 | D:5      | Found a sacrificial altar of Ru.
  2658 | D:5      | Reached skill level 8 in Ranged Weapons
  2811 | D:5      | Found Joavua's Antique Armour Boutique.
  2868 | D:5      | Identified the +6 chain mail of the Gloaming {rN++ Dex+2}
  2879 | D:5      | Found Pesoen's Armour Shop.
  2979 | D:6      | Found a staircase to the Ecumenical Temple.
  2996 | Temple   | Entered the Ecumenical Temple
  3050 | Temple   | Became a worshipper of Dithmenos the Shadowed
  3219 | D:6      | Reached XP level 8. HP: 54/54 MP: 8/8
  3292 | D:6      | Found an ancient bone altar of Kikubaaqudgha.
  3522 | D:6      | Reached skill level 9 in Ranged Weapons
  3647 | D:6      | Identified a scroll of acquirement
  3648 | D:6      | Acquired the ring of Ugaukly {Fly rC- Will++ Dex+3 Slay+4}
  3818 | D:7      | You are sucked into a shaft and drop 3 floors!
  3818 | D:10     | Entered Level 10 of the Dungeon
  3830 | D:10     | Noticed Sonja
  3836 | D:10     | Killed Sonja
  3836 | D:10     | HP: 2/54 [poisoned by Sonja]
  3837 | D:10     | Reached skill level 10 in Ranged Weapons
  3858 | D:11     | Noticed a gargoyle
  4045 | D:9      | Noticed a shadow
  4049 | D:9      | Killed a shadow
  4050 | D:9      | Reached skill level 5 in Fighting
  4050 | D:9      | Reached XP level 9. HP: 61/61 MP: 9/9
  4050 | D:9      | Acquired the ring "Adeul" {Str+6 Int+5 Stlth+}
  4197 | D:9      | Slain by a wight

Illustrated notes

Levels and vault maps discovered:
D:1:      minmay_arrival_hallway, layout_basic, minmay_rat_gold_closets
D:2:      layout_rooms, shapermc_ecumenical_altar_rom_forum
D:3:      layout_loops_ring, mainiacjoe_overflow_chevrons, uniq_jessica
D:4:      layout_loops_cross, serial_undead, serial_undead_f, serial_undead_e,
          serial_undead_d, serial_undead_e, gammafunk_ghost_gnarly_gnolls
D:5:      layout_rooms, amcnicky_altar_gilded, serial_shops,
          kennysheep_mini_moat, nicolae_shop_tiny_real_fake_doors, st_stairs_10
D:6:      layout_loops_ring, mainiacjoe_overflow_boulevard,
          minmay_temple_entry_statues_fountains
D:7:      minmay_opposing_rooms, layout_cave_pods, serial_rivers,
          chequers_serial_rivers_small_3, chequers_serial_rivers_micro_c,
          chequers_serial_rivers_room_a, chequers_serial_rivers_micro_a,
          chequers_serial_rivers_micro_c, chequers_serial_rivers_room_b,
          minmay_tree_intersection, dk_noncrumbling_3
D:9:      layout_loops_corners, minitemple, kennysheep_crisscross
D:10:     minmay_angry_zag, layout_rooms, uniq_sonja, uniq_erolcha
D:11:     layout_roguey, uniq_snorg, uniq_nergalle
Temple:   bh_familiar_temple

Skill      XL: |  1  2  3  4  5  6  7  8 |
---------------+-------------------------+-----
Ranged Weapons | 5 6 7 8 10 | 10.7
Fighting       | 3 5 |  5.3
Stealth        | 2 3 |  3.5
Dodging        | 3 |  3.4

Action                     |  1- 3 |  4- 6 |  7- 9 || total
---------------------------+-------+-------+-------++-------
   Fire: Shortbow          |    98 |     4 |       ||   102
         Sling             |       |    96 |    91 ||   187
    Use: Scroll            |       |     6 |    12 ||    18
         Potion            |       |       |     3 ||     3
 Armour: Skin              |    11 |    10 |    25 ||    46
  Dodge: Dodged            |    19 |    15 |    27 ||    61

Table legend: (Time is in decaauts)
 A = Elapsed time spent in this place.
 B = Non-inter-level travel time spent in this place.
 C = Inter-level travel time spent in this place.
 D = Time resting spent in this place.
 E = Time spent auto-exploring this place.
 F = Levels seen in this place.
 G = Mean time per level.
                   A        B        C        D        E       F      G
               +--------+--------+--------+--------+--------+-----+--------+
         Total |   4221 |   3957 |    264 |    227 |   3109 |  11 |  383.7 |
       Dungeon |   4156 |   3954 |    202 |    227 |   3109 |  10 |  415.6 |
        Temple |     65 |      3 |     62 |      0 |      0 |   1 |   65.0 |
               +--------+--------+--------+--------+--------+-----+--------+

Top non-repeatable levels by time:
     D:6: 669 daAuts
     D:1: 662 daAuts
     D:4: 631 daAuts
     D:3: 631 daAuts
     D:5: 588 daAuts
     D:2: 489 daAuts
     D:9: 276 daAuts
     D:7: 102 daAuts
    D:10: 100 daAuts
  Temple: 65 daAuts
    D:11: 4 daAuts
